 Dungeon Crawl Stone Soup version 0.30.0-18-gc0e69614cb (webtiles) character file.

Game seed: 16427664674503151266

16878 testman the Severer (level 12, -2/186 HPs)
             Began as a Minotaur Berserker on May 23, 2023.
             Was an Elder of Trog.
             Slain by a white ugly thing (22 damage)
             ... on level 15 of the Dungeon.
             The game lasted 00:24:39 (10192 turns).

testman the Severer (Minotaur Berserker)           Turns: 10192, Time: 00:24:40

Health: -2/186     AC: 13    Str: 26    XL:     12   Next: 13%
Magic:  11/11      EV: 11    Int:  4    God:    Trog [****..]
Gold:   612        SH:  4    Dex: 11    Spells: 11/11 levels left

rFire   . . .        e - +6 broad axe of Spontaneous Combustion {flame, Will+}
rCold   . . .        N - +0 buckler
rNeg    . . .        W - +2 ring mail {Will+}
rPois   .            (helmet restricted)
rElec   .            T - +0 cloak
rCorr   .            l - +0 pair of gloves
SInv    +            (no boots)
Will    ++++.        (no amulet) Stlth
                     C - +4 ring of protection
HPRegen 1.51/turn    Q - ring of see invisible
MPRegen 0.12/turn

%: no passive effects
@: berserking (expiring), strong-willed, regenerating, very quick
A: horns 2, retaliatory headbutt
a: Renounce Religion, Berserk, Trog's Hand, Brothers in Arms


You were on level 15 of the Dungeon.
You worshipped Trog.
Trog was greatly pleased with you.
You visited 1 branch of the dungeon, and saw 13 of its levels.
You also visited: Sewer.

You collected 612 gold pieces.

Inventory:

Hand Weapons
 e - the +6 broad axe of Spontaneous Combustion (weapon) {flame, Will+}
   (You acquired it on level 3 of the Dungeon)

   Will:      It increases your willpower.
 G - the +5 Lochaber axe {reach-cleave, Poleaxe Drain}
   (You found it on level 6 of the Dungeon)

   Poleaxe:   It uses either Axes or Polearms skill, whichever is higher.
   Drain:     It drains your maximum health when unequipped.
Missiles
 c - 81 poisoned darts (quivered)
 z - 20 boomerangs
 B - 3 throwing nets
Armour
 l - a +0 pair of gloves (worn)
 N - a +0 buckler (worn)
 T - a +0 cloak (worn)
 W - a +2 ring mail of willpower (worn)
Jewellery
 y - a ring of ice
 C - a +4 ring of protection (left hand)
 Q - a ring of see invisible (right hand)
Wands
 w - a wand of quicksilver (22)
 E - a wand of digging (7)
 F - a wand of flame (10)
 J - a wand of charming (20)
 K - a wand of polymorph (6)
 P - a wand of mindburst (7)
Scrolls
 d - 4 scrolls of immolation
 f - 2 scrolls of fear
 g - 3 scrolls of fog
 j - a scroll of vulnerability
 n - 5 scrolls of teleportation
 u - a scroll of brand weapon {unknown}
 v - a scroll of butterflies
 x - 3 scrolls of amnesia
 A - 2 scrolls of silence {unknown}
 H - 2 scrolls of poison {unknown}
Potions
 b - 4 potions of ambrosia
 h - 6 potions of attraction
 i - 4 potions of flight
 k - 3 potions of cancellation
 o - 4 potions of lignification
 p - 3 potions of might
 q - a potion of invisibility {unknown}
 r - a potion of degeneration {unknown}
 s - 2 potions of magic
 t - 2 potions of haste {unknown}
 D - 2 potions of heal wounds {unknown}
 I - 2 potions of mutation
 L - a potion of resistance {unknown}
 M - 4 potions of curing
 S - a potion of brilliance {unknown}


   Skills:
 + Level 16.6 Fighting
 + Level 16.7 Axes
 - Level 2.4 Armour
 - Level 2.1 Dodging
 - Level 4.0 Shields


You had 11 spell levels left.
You didn't know any spells.
Your spell library contained the following spells:

 Spells                   Type           Power      Damage    Failure   Level
 Ensorcelled Hibernation  Hex/Ice        0%         N/A       83%         2
 Passwall                 Tmut/Erth      0%         N/A       83%         2
 Poisonous Vapours        Pois/Air       0%         N/A       83%         2
 Mephitic Cloud           Conj/Pois/Air  0%         N/A       97%         3
 Swiftness                Air            0%         N/A       97%         3
 Freezing Cloud           Conj/Ice/Air   0%         6-21      100%        5


Dungeon Overview and Level Annotations

Branches:
Dungeon (12/15)            Temple (0/1) D:4            Lair (0/5) D:9
    Orc (0/2) D:12          Sewer (visited)

Altars:
Cheibriados
Dithmenos
Makhleb
Nemelex Xobeh
Sif Muna

Shops:
D:5 =

Annotations:
D:8 exclusion: orange crystal statue


Innate Abilities, Weirdness & Mutations

You have a pair of horns on your head.
You reflexively headbutt those who attack you in melee.


Message History

You slash the white ugly thing! You burn the white ugly thing.
The white ugly thing basks in the mutagenic energy from its kin and changes!
The white ugly thing punches you! The white ugly thing freezes you!!
You are too injured to fight recklessly!
You hit the white ugly thing. You burn the white ugly thing.
The white ugly thing is moderately wounded.
You slice the white ugly thing!! You burn the white ugly thing!
You headbutt the white ugly thing!
You kill the white ugly thing!
Trog accepts your kill.
A slime creature comes into view.
You see here an ugly thing corpse.
You feel a strong urge to attack something.
The purple ugly thing punches you but does no damage.
You slash the purple ugly thing! You burn the purple ugly thing.
The purple ugly thing is moderately wounded.
You hit the white ugly thing. You burn the white ugly thing.
You slash the slime creature! You burn the slime creature.
The white ugly thing pecks you. The white ugly thing freezes you!!
* * * LOW HITPOINT WARNING * * *
You closely miss the purple ugly thing.
Your headbutt misses the purple ugly thing.
The purple ugly thing is moderately wounded.
You slice the white ugly thing!! You burn the white ugly thing.
You slash the slime creature! You burn the slime creature.
The purple ugly thing punches you!
* * * LOW HITPOINT WARNING * * *
The slime creature hits you!
* * * LOW HITPOINT WARNING * * *
You chop the purple ugly thing into pieces!!!
You burn the purple ugly thing!
You kill the purple ugly thing!
Trog accepts your kill.
You completely miss the white ugly thing.
You slice the slime creature!! You burn the slime creature!
You slash the slime creature! You burn the slime creature.
The white ugly thing pecks you!
* * * LOW HITPOINT WARNING * * *
The white ugly thing freezes you!!
You die...

#............
#.#.#.#.#.#.#.#
#........)......
##.#.#.#.#.#.#.#.
#..............
#.#.#.#.#.#.#.#.
#...............
...#.#.#.#J#.#.#.#.
..........J@u..!...
.##.#.#.#.#†#.#.#.#
##.......s. ..
#.#.#.#.#.# #.#
........u.. ..
..#.#.#.#.# # ....
.. #.# #.#


You could see a white ugly thing, 2 slime creatures and a culicivora.

Vanquished Creatures
  Harold (D:11)
  The ghost of croobank the Martial Artist, a journeyman GnTm of Qazlal (D:10)
  A boulder beetle (D:12)
  A two-headed ogre (D:11)
  The ghost of Rem the Destroyer, a novice DrCj (D:9)
  A wolf spider zombie (D:10)
  2 manticores
  3 ugly things
  Joseph (D:7)
  A gargoyle (D:12)
  An unseen horror (D:12)
  3 kobold demonologists
  A freezing wraith (D:9)
  A komodo dragon (D:12)
  A hornet (D:10)
  2 trolls
  6 slime creatures
  14 yaks
  4 wraiths
  2 centaur simulacra (D:10)
  A steam dragon (D:8)
  4 vampire mosquitoes (D:12)
  The ghost of bronco the Shooter, an amateur FoVM (D:3)
  Menkaure (D:7)
  2 acid dragons (D:10)
  A water moccasin (D:8)
  A sky beast (D:6)
  6 orc warriors
  2 black bears
  A centaur (D:11)
  2 ogres
  A phantom (D:5)
  10 kobold brigands
  A bullfrog (D:8)
  A gnoll sergeant (D:10)
  2 scorpions (D:5)
  7 wights
  3 killer bees (D:9)
  7 howler monkeys
  3 lava snakes (D:8)
  2 jellies
  An orc priest (D:6)
  A gnoll bouda (D:4)
  Crazy Yiuf (D:4)
  8 orc wizards
  A sleepcap (D:7)
  3 iguanas
  2 adders
  8 gnolls
  A shadow imp (D:6)
  A white imp (D:7)
  3 ufetubi
  2 dart slugs
  32 orcs
  7 endoplasms
  18 giant cockroaches
  9 goblins
  12 hobgoblins
  A jackal (D:2)
  7 quokkas
  12 ball pythons
  4 bats
  6 frilled lizards
  32 kobolds
  7 rats
286 creatures vanquished.

Vanquished Creatures (others)
  A spectral centaur (D:10)
1 creature vanquished.

Grand Total: 287 creatures vanquished

Notes
Turn   | Place    | Note
-------+----------+-------------------------------------------
     0 | D:1      | testman the Minotaur Berserker began the quest for the Orb.
     0 | D:1      | Reached XP level 1. HP: 19/19 MP: 0/0
   197 | D:1      | Reached XP level 2. HP: 27/27 MP: 1/1
   844 | D:2      | Reached XP level 3. HP: 34/34 MP: 2/2
   915 | D:2      | Reached ** piety under Trog
  1255 | D:3      | Identified a scroll of acquirement
  1255 | D:3      | Acquired the +6 broad axe of Spontaneous Combustion {flame,
                  | Will+}
  1336 | D:3      | Reached XP level 4. HP: 38/41 MP: 3/3
  1375 | D:3      | Reached skill level 5 in Fighting
  1375 | D:3      | Reached skill level 5 in Axes
  1495 | D:3      | Found a glowing drain.
  1499 | Sewer    | Entered a sewer
  1515 | Sewer    | Reached *** piety under Trog
  1573 | Sewer    | Noticed a kobold brigand
  1573 | Sewer    | Noticed a kobold brigand
  1573 | Sewer    | Noticed a kobold brigand
  1573 | Sewer    | Noticed a kobold brigand
  1578 | Sewer    | Killed a kobold brigand
  1579 | Sewer    | Reached XP level 5. HP: 50/50 MP: 4/4
  1582 | Sewer    | Reached XP level 6. HP: 58/58 MP: 5/5
  1749 | Sewer    | Reached XP level 7. HP: 66/66 MP: 6/6
  2118 | D:3      | Found a runed translucent door.
  2118 | D:3      | Noticed bronco's ghost (amateur FoVM)
  2125 | D:3      | Killed bronco's ghost
  2768 | D:4      | Found a staircase to the Ecumenical Temple.
  3061 | D:4      | Reached XP level 8. HP: 73/75 MP: 7/7
  3348 | D:4      | Found a runed translucent door.
  3349 | D:4      | Noticed Crazy Yiuf
  3354 | D:4      | Killed Crazy Yiuf
  3451 | D:5      | Entered Level 5 of the Dungeon
  3689 | D:5      | Found Ysobboa's Jewellery Shop.
  4035 | D:5      | Reached **** piety under Trog
  4366 | D:6      | Reached skill level 10 in Fighting
  4366 | D:6      | Reached skill level 10 in Axes
  4439 | D:6      | Found the +5 Lochaber axe {reach-cleave, Poleaxe Drain}
  4673 | D:6      | Reached XP level 9. HP: 68/86 MP: 8/8
  5034 | D:7      | Noticed Joseph
  5044 | D:7      | Killed Joseph
  5079 | D:7      | Noticed Menkaure
  5086 | D:7      | Killed Menkaure
  5662 | D:8      | Reached XP level 10. HP: 92/100 MP: 9/9
  5898 | D:8      | Noticed an orange crystal statue
  6029 | D:8      | Noticed a two-headed ogre
  6739 | D:8      | Found a snail-covered altar of Cheibriados.
  6742 | D:8      | Found a sparkling altar of Nemelex Xobeh.
  6745 | D:8      | Found a shimmering blue altar of Sif Muna.
  6801 | D:8      | Found a burning altar of Makhleb.
  6961 | D:9      | Found a staircase to the Lair.
  7256 | D:9      | Reached skill level 1 in Shields
  7543 | D:9      | Found a runed translucent gate.
  7543 | D:9      | Found a runed translucent gate.
  7544 | D:9      | Found a runed translucent gate.
  7711 | D:9      | Noticed Rem's ghost (novice DrCj)
  7726 | D:9      | Killed Rem's ghost
  7777 | D:10     | Entered Level 10 of the Dungeon
  7784 | D:10     | Found a runed translucent gate.
  7784 | D:10     | Found a runed translucent gate.
  7784 | D:10     | Found a runed translucent gate.
  7785 | D:10     | Noticed a spectral centaur warrior
  7789 | D:10     | Noticed croobank's ghost (journeyman GnTm)
  7927 | D:10     | Noticed a smoke demon
  7932 | D:10     | Reached XP level 11. HP: 110/110 MP: 10/10
  8486 | D:10     | Killed croobank's ghost
  8565 | D:11     | Noticed a red ugly thing
  8571 | D:11     | Killed a red ugly thing
  8572 | D:11     | Reached skill level 15 in Fighting
  8572 | D:11     | Reached skill level 15 in Axes
  8678 | D:11     | Found a shadowy altar of Dithmenos.
  9008 | D:11     | Noticed a two-headed ogre
  9008 | D:11     | Noticed Harold
  9014 | D:11     | Killed Harold
  9017 | D:11     | Killed a two-headed ogre
  9630 | D:12     | Found a staircase to the Orcish Mines.
  9925 | D:12     | Noticed a boulder beetle
  9938 | D:12     | Killed a boulder beetle
 10057 | D:12     | Reached XP level 12. HP: 123/123 MP: 11/11
 10168 | D:12     | You fall into a shaft and drop 3 floors!
 10168 | D:15     | Entered Level 15 of the Dungeon
 10192 | D:15     | Slain by a white ugly thing

Illustrated notes

Levels and vault maps discovered:
D:1:      minmay_arrival_radiant_lines, layout_loops_ring, minmay_box_of_dots
D:2:      minmay_roachtagon, layout_rooms, minmay_octomino_j4
D:3:      layout_basic, gup_sewer_entry_bowl, ebering_ghost_inner_flame,
          dreamdust_princess_corridor
D:4:      layout_loops_ring, temple_hall_moat, uniq_crazy_yiuf_cottage
D:5:      layout_loops_ring, serial_shops, kennysheep_mini,
          minmay_misc_feat_square, abandoned_shop
D:6:      layout_loops_ring
D:7:      layout_cave_pools, minmay_misc_feat_five, hangedman_decor_growths,
          uniq_joseph, uniq_menkaure
D:8:      layout_basic, lightli_temple_of_fire,
          minmay_overflow_temple_star_quad, minivault_24, disabler_island
D:9:      layout_loops_ring, lair_entry_dummy, gammafunk_ghost_spectres
D:10:     layout_basic, gammafunk_ghost_necromancy
D:11:     layout_basic, nicolae_dithmenos_shadow_blocks, uniq_harold
D:12:     layout_gridville, orc_0_dummy, zin_statuary
D:15:     hangedman_depths_entry_civil_slaughter, layout_gridville,
          maelrawn_ghost_gauntlet_escape, serial_bayou_ford_a, hex_large

Skill      XL: |  1  2  3  4  5  6  7  8  9 10 11 |
---------------+----------------------------------+-----
Fighting       | 4 5 6 7 8 10 12 14 16 | 16.6
Axes           | 4 5 6 7 8 10 12 14 16 | 16.7
Shields        | 4 |  4.0
Armour         | |  2.4
Dodging        | |  2.1

Action                     |  1- 3 |  4- 6 |  7- 9 | 10-12 || total
---------------------------+-------+-------+-------+-------++-------
  Melee: Hand axe          |   102 |       |       |       ||   102
         Headbutt          |    15 |     4 |    18 |    47 ||    84
         Broad axe         |     6 |    65 |   170 |   196 ||   437
         Punch             |       |       |     2 |     1 ||     3
  Throw: Dart              |       |       |       |     3 ||     3
 Invoke: Berserk           |       |     2 |     3 |     6 ||    11
         Trog's Hand       |       |     1 |     3 |     6 ||    10
    Use: Scroll            |     8 |     1 |     1 |    11 ||    21
 Armour: Animal skin       |     8 |       |       |       ||     8
         Ring mail         |    29 |    22 |    52 |    60 ||   163
  Dodge: Dodged            |    77 |    37 |    85 |    90 ||   289
  Block: Buckler           |       |       |       |    14 ||    14
